 Dungeon Sprint DCSS version 0.23.2 (webtiles) character file.

Game seed: 17771877482977121711

4899 1492 the Grappler (level 10, -29/110 HPs)
             Began as a Troll Monk on Apr 8, 2019.
             Was a High Priest of Okawaru.
             Annihilated by a spriggan berserker
             ... wielding a +0 antimagic hand axe
              (39 damage)
             ... in the Dungeon (Sprint IV: "Fedhas' Mad Dash").
             The game lasted 00:08:51 (1354 turns).

1492 the Grappler (Troll Monk)                      Turns: 1354, Time: 00:08:51

Health: -29/110    AC:  6    Str: 29    XL:     10   Next: 27%
Magic:  9/16       EV: 13    Int:  6    God:    Okawaru [*****.]
Gold:   123        SH:  0    Dex: 12    Spells: 9/9 levels left

rFire    . . .     SeeInvis .     - Unarmed
rCold    . . .     Gourm    +   (no shield)
rNeg     . . .     Faith    .   a - +0 robe
rPois    .         Spirit   .   (helmet restricted)
rElec    .         Reflect  .   (no cloak)
rCorr    .         Harm     .   (gloves unavailable)
MR       .....     NoTele   +   (boots unavailable)
Stlth    +++.......             g - amulet of invisibility {+Inv}
HPRegen  0.68/turn              (no ring)
MPRegen  0.15/turn              (no ring)

@: mighty, heroism, finesse, slightly contaminated
A: large, unfitting armour, claws 3, fast metabolism 3, gourmand, regeneration
1, shaggy fur 1, tough skin 3
a: Heroism, Finesse, Renounce Religion, Evoke Invisibility


You were in the Dungeon.
You worshipped Okawaru.
Okawaru was extremely pleased with you.
You were not hungry.

You visited 1 branch You collected 189 gold pieces.
You spent 66 gold pieces at shops.

Inventory:

Missiles
 i - 14 stones (quivered)
Armour
 a - a +0 robe (worn)
Jewellery
 g - the amulet of invisibility (around neck) {+Inv}
   (You found it in the Dungeon)

   [amulet of nothing]

   It lets you turn invisible.
Scrolls
 h - 2 scrolls of blinking {@r0}
 l - a scroll of fear {@r3}
Potions
 e - a potion of haste {!q@q5}
 f - 2 potions of magic
Comestibles
 b - a ration {!d}


   Skills:
 + Level 10.3(15.3) Fighting
 - Level 2.4(7.4) Dodging
 - Level 1.0(6.0) Stealth
 + Level 13.7(18.7) Unarmed Combat
 - Level 9.7 Invocations
 - Level 10.0 Evocations


You had 9 spell levels left.
You didn't know any spells.
Your spell library contained the following spells:

 Spells                   Type           Power        Failure   Level  Hunger
 Confusing Touch          Hex            #.....       45%         1    ##.....
 Confuse                  Hex            #.......     83%         3    ####...
 Gell's Gravitas          Tloc           #.........   83%         3    ####...
 Petrify                  Tmut/Erth      #.......     99%         4    #####..
 Metabolic Englaciation   Hex/Ice        #.........   100%        5    ######.
 Yara's Violent Unravell  Hex/Tmut       #.........   100%        5    ######.


Dungeon Overview and Level Annotations

Branches:
Dungeon (1/1)

Altars:
Cheibriados
Dithmenos
Elyvilon
Gozag
Hepliaklqana
Kikubaaqudgha
Makhleb
Nemelex Xobeh
Okawaru
Qazlal
Ru
Sif Muna
Trog
Uskayaw
Vehumet
Wu Jian
Xom
Yredelemnul
Zin
The Shining One
Beogh
Jiyva
Lugonu

Shops:
D ?(:(

Annotations:
D exclusion: 3 oklob plants


Innate Abilities, Weirdness & Mutations

You are too large for most types of armour.
You have claws for hands.
Your metabolism is lightning-fast.
You like to eat raw meat.
Your natural rate of healing is unusually fast.
You are covered in fur. (AC +1)
You have extremely tough skin. (AC +3)


Message History

Found a scroll labeled XOSYUCLUSA and 17 bolts.
Marking area around the oklob plant shifter as unsafe for travelling.
An oklob plant shifter comes into view.
Found 32 arrows and a blackened lead wand.
There is an open door here.
Press: ? - help, v - describe, . - travel
Here: an oklob plant summoner (resting)
The floor.
You close the door.
You open the door.
Agnes the Wanderer comes into view.
She is wielding a +0 vampiric lajatang.
Agnes shouts!
Press: ? - help, v - describe, . - travel
Here: Agnes, wielding a +0 vampiric lajatang and wearing a +0 robe The floor.
You aren't carrying any items that you can evoke.
Unknown command.
You gain the combat prowess of a mighty hero.
Unknown command.
You can now deal lightning-fast blows.
Agnes drinks a potion.
Agnes seems to grow stronger.
You aren't carrying any items that you can evoke.
Unknown command.
Okay, then.
You feel very mighty all of a sudden.
You flicker for a moment.
Agnes hits you with a +0 vampiric lajatang!!
Huge Dmg: -19%(-19hp) hp: 72%(72hp)
You claw Agnes! Your claw misses Agnes.
Agnes is lightly wounded.
Unknown command.
You miss Agnes.
Agnes is lightly wounded.
Agnes hits you with a +0 vampiric lajatang!!!
* * * LOW HITPOINT WARNING * * *
Agnes draws strength from your wounds!
Huge Dmg: -36%(-36hp) hp: 37%(37hp)
You miss Agnes.
Agnes hits you with a +0 vampiric lajatang!!
* * * LOW HITPOINT WARNING * * *
Huge Dmg: -32%(-32hp) hp: 5%(5hp)
Press: ? - help, v - describe, . - travel
Here: Agnes, wielding a +0 vampiric lajatang and wearing a +0 robe (unusually strong)
An open door.
You aren't carrying any items that you can evoke.
Unknown command.
Okay, then.
Unknown command.
You mangle Agnes!!
Agnes is lightly wounded.
Unknown command.
You eviscerate Agnes!!!
Agnes is severely wounded.
You hear a shout!
Agnes barely misses you.
Unknown command.
You mangle Agnes!!
Agnes is almost dead.
Unknown command.
You claw Agnes!
Agnes is almost dead.
Unknown command.
You claw Agnes!
You kill Agnes!
Okawaru is honoured by your kill. Something appears at your feet!
Okawaru grants you a weapon!
Training target 8.0 for Invocations reached!
Your base Fighting skill increases to level 10!
Your Invocations skill gained 2 levels and is now at level 9!
You have reached level 10!
Unknown command.
A spriggan berserker comes into view. It is wielding a +0 antimagic hand axe.
The spriggan berserker shouts!
There is an open door, spattered with blood here.
Things that are here:
a +0 vampiric lajatang {!w}; a +0 robe Unknown command.
Unknown command.
You flicker back into view.
The spriggan berserker prays to Trog.
The spriggan berserker goes berserk!
Unknown command.
Press: ? - help, v - describe, . - travel
Here: a spriggan berserker, wielding a +0 antimagic hand axe and wearing a +0 animal skin (berserk, fast, unusually strong)
The floor.
Okay, then.
Unknown command.
Okay, then.
Press: ? - help, v - describe, . - travel
Here: a spriggan berserker, wielding a +0 antimagic hand axe and wearing a +0 animal skin (berserk, fast, unusually strong)
The floor.
Which direction?
You close the door, pushing everything out of the way.
A spriggan berserker opens the door.
Unknown command.
Unknown command.
The spriggan berserker hits you with a +0 antimagic hand axe!!!
You die...

################################*
..#.⌠._._._._.⌠.#..)...#....##∩#*
..'.._._._._._..'.)#...#....').#*
..#..._._._._...#..###'##..[##∩#,
'##.._._._._._..#..##∩∩.†...####*
..#._._._._._.⌠.#############****
..###################..P.(/***,,,
###♣♣♣♣♣..♣.###.@..+.....?(+,+,,,
)'......♣..♣##..#i)#.P....P******
.#♣..♣♣♣.♣))###.##'##.P.P..*
.#.♣♣.[♣...♣'...#♣[♣*######*
####*############...,,****
,,,,,,,,* ***,.♣..♣,,,,***
,,,,,,,,*****,,.♣....,,*,,,****
,,,,,,,,,,,,,,..,♣....,∩,∩,,,,*
,,,,,,,,,,***##**#####*********


You could see a spriggan berserker (berserk).

Vanquished Creatures
  Agnes (D)
  A spriggan druid (D)
  3 oklob plants (D)
  3 burning bushes (D)
  A queen bee (D)
  3 wandering mushrooms (D)
  4 killer bees (D)
  2 scorpions (D)
  5 oklob saplings (D)
  A worker ant (D)
  2 spriggans (D)
  A river rat (D)
  A rat (D)
  A ballistomycete (D)
  A ballistomycete spore (D)
30 creatures vanquished.

Notes
Turn   | Place    | Note
-------+----------+-------------------------------------------
     0 | D        | 1492 the Troll Monk began the quest for the Orb.
     0 | D        | Reached XP level 1. HP: 22/22 MP: 0/0
    22 | D        | Reached skill level 5 in Unarmed Combat
    22 | D        | Reached XP level 2. HP: 17/29 MP: 1/1
    47 | D        | Noticed an oklob sapling
    50 | D        | Killed an oklob sapling
    50 | D        | Reached skill level 7 in Unarmed Combat
    50 | D        | Reached XP level 3. HP: 25/36 MP: 2/2
    53 | D        | Found the amulet of invisibility {+Inv}
    55 | D        | Reached skill level 8 in Unarmed Combat
    98 | D        | Noticed an oklob sapling
   102 | D        | HP: 11/36 [acid (12)]
   105 | D        | Killed an oklob sapling
   105 | D        | Reached skill level 1 in Evocations
   105 | D        | Reached XP level 4. HP: 14/44 MP: 0/4
   160 | D        | Found an opulent altar of Gozag.
   160 | D        | Found a hazy altar of Hepliaklqana.
   160 | D        | Found a burning altar of Makhleb.
   160 | D        | Found a roughly hewn altar of Beogh.
   160 | D        | Found a sparkling altar of Nemelex Xobeh.
   160 | D        | Found a snail-covered altar of Cheibriados.
   160 | D        | Found a sacrificial altar of Ru.
   160 | D        | Found a deep blue altar of Sif Muna.
   160 | D        | Found a shimmering altar of Xom.
   160 | D        | Found a basalt altar of Yredelemnul.
   161 | D        | Found a viscous altar of Jiyva.
   161 | D        | Found a bloodstained altar of Trog.
   161 | D        | Found an ornate altar of the Wu Jian Council.
   166 | D        | Found an iron altar of Okawaru.
   166 | D        | Found a shadowy altar of Dithmenos.
   166 | D        | Found a glowing silver altar of Zin.
   167 | D        | Found an ancient bone altar of Kikubaaqudgha.
   167 | D        | Found a hide-covered altar of Uskayaw.
   168 | D        | Found a stormy altar of Qazlal.
   168 | D        | Found a glowing golden altar of the Shining One.
   168 | D        | Found a white marble altar of Elyvilon.
   169 | D        | Found a radiant altar of Vehumet.
   169 | D        | Found a corrupted altar of Lugonu.
   172 | D        | Reached XP level 5. HP: 53/53 MP: 2/6
   179 | D        | Became a worshipper of Warmaster Okawaru
   179 | D        | Reached * piety under Okawaru
   179 | D        | Reached ** piety under Okawaru
   359 | D        | Reached skill level 9 in Unarmed Combat
   402 | D        | Reached skill level 5 in Evocations
   483 | D        | Found Nealac's Antique Weapon Shop.
   483 | D        | Found Zutain's Magic Scroll Emporium.
   489 | D        | Bought a scroll of fear for 42 gold pieces
   489 | D        | Bought a scroll of identify for 24 gold pieces
   492 | D        | Noticed a burning bush
   492 | D        | Noticed a wandering mushroom
   526 | D        | Noticed a queen bee
   533 | D        | Reached skill level 5 in Fighting
   533 | D        | Reached XP level 6. HP: 47/66 MP: 5/9
   539 | D        | Reached skill level 10 in Unarmed Combat
   550 | D        | Killed a queen bee
   550 | D        | Reached XP level 7. HP: 54/75 MP: 5/11
   561 | D        | Reached *** piety under Okawaru
   705 | D        | Noticed an oklob plant
   720 | D        | Killed an oklob plant
   720 | D        | Reached skill level 11 in Unarmed Combat
   720 | D        | Reached XP level 8. HP: 64/87 MP: 8/13
   737 | D        | Noticed a burning bush
   742 | D        | Killed a burning bush
   742 | D        | Reached **** piety under Okawaru
   751 | D        | Noticed a burning bush
   751 | D        | Noticed an oklob plant
   857 | D        | Noticed a wandering mushroom
   861 | D        | Killed a wandering mushroom
   883 | D        | HP: 21/88 [burning bush/puff of flame (18)]
   888 | D        | HP: 23/88 [wandering mushroom (5)]
   893 | D        | Killed a burning bush
   893 | D        | Reached skill level 12 in Unarmed Combat
   893 | D        | Reached skill level 10 in Evocations
   993 | D        | Found Haddis's Antique Weapon Emporium.
   993 | D        | Found Ybaluil's Book Shoppe.
   997 | D        | Got a smoking battleaxe {!w}
  1190 | D        | Noticed a wandering mushroom
  1194 | D        | Killed a wandering mushroom
  1197 | D        | Killed a burning bush
  1197 | D        | Reached XP level 9. HP: 88/97 MP: 11/15
  1205 | D        | Killed an oklob plant
  1205 | D        | Reached ***** piety under Okawaru
  1205 | D        | Reached skill level 5 in Invocations
  1220 | D        | Noticed a spriggan druid
  1227 | D        | Killed a spriggan druid
  1308 | D        | Noticed an oklob plant conjurer
  1317 | D        | Killed an oklob plant conjurer
  1317 | D        | Reached skill level 13 in Unarmed Combat
  1335 | D        | Noticed an oklob plant
  1335 | D        | Noticed an oklob plant summoner
  1336 | D        | Noticed an oklob plant shifter
  1339 | D        | Noticed Agnes
  1344 | D        | HP: 37/100 [Agnes/+0 vampiric lajatang (36)]
  1345 | D        | HP: 5/100 [Agnes/+0 vampiric lajatang (32)]
  1350 | D        | Killed Agnes
  1350 | D        | Received a gift from Okawaru
  1350 | D        | Reached skill level 10 in Fighting
  1350 | D        | Reached XP level 10. HP: 7/110 MP: 8/16
  1351 | D        | Noticed a spriggan berserker
  1354 | D        | Annihilated by a spriggan berserker

Skill      XL: |  1  2  3  4  5  6  7  8  9 |
---------------+----------------------------+-----
Unarmed Combat | 5 7 8 9 10 11 12 13 | 13.7
Evocations     | 1 3 5 7 8 10 | 10.0
Fighting       | 3 5 6 7 8 10 | 10.3
Invocations    | 4 9 |  9.7
Dodging        | |  2.4
Stealth        | |  1.0

Action                   |  1- 3 |  4- 6 |  7- 9 | 10-12 || total
-------------------------+-------+-------+-------+-------++-------
Melee: Unarmed           |    21 |    29 |    64 |       ||   114
       Punch             |       |     2 |     1 |       ||     3
Invok: Heroism           |       |     2 |     6 |       ||     8
       Finesse           |       |       |     1 |       ||     1
 Abil: Evoke Invisibilit |     1 |     3 |     5 |       ||     9
  Use: Potion            |     1 |       |     3 |       ||     4
       Scroll            |       |       |     4 |       ||     4
 Stab: Invisible         |       |     5 |     6 |       ||    11
       Sleeping          |       |       |     2 |       ||     2
  Eat: Chunk             |     3 |     1 |       |       ||     4
       Ration            |       |       |     3 |       ||     3
Armor: Robe              |     3 |     4 |     2 |       ||     9
Dodge: Dodged            |     6 |    17 |    16 |       ||    39
